 Dungeon Sprint DCSS version 0.21.1-1-g345015f (webtiles) character file.

10312 raistware the Ninja (level 11, -3/49 HPs)
             Began as a Spriggan Assassin on Apr 16, 2018.
             Was the Champion of Dithmenos.
             Slain by the 27-headed Lernaean hydra (9 damage)
             ... in the Dungeon (Sprint I: "Red Sonja").
             The game lasted 00:20:51 (2481 turns).

raistware the Ninja (Spriggan Assassin)             Turns: 2481, Time: 00:20:51

Health: -3/49      AC:  3    Str:  7    XL:     11   Next: 34%
Magic:  30/31      EV: 21    Int: 14    God:    Dithmenos [******]
Gold:   843        SH:  0    Dex: 18    Spells: 37/41 levels left

rFire    . . .     SeeInvis +   a - +2 dagger
rCold    . . .     Gourm    .   (shield restricted)
rNeg     . . .     Faith    .   c - +0 robe
rPois    .         Spirit   .   (helmet restricted)
rElec    .         Reflect  .   o - +0 cloak {+Inv}
rCorr    .         Harm     .   (gloves unavailable)
MR       +....     NoTele   +   (boots unavailable)
Stlth    +++++++++.             (no amulet)
HPRegen  0.16/turn              (no ring)
MPRegen  0.22/turn              (no ring)

@: very slightly contaminated, wreathed by umbra, invisible, slow
A: very small, unfitting armour, see invisible, clumsy 1, herbivore, speed 3,
slow metabolism 2
a: Shadow Step, Shadow Form, Renounce Religion


You were in the Dungeon.
You worshipped Dithmenos.
Dithmenos was exalted by your worship.
You were hungry.

You visited 1 branch You collected 1603 gold pieces.
You spent 760 gold pieces at shops.

Inventory:

Hand Weapons
 a - a +2 dagger (weapon)
 b - a +0 blowgun
 n - a +0 dagger of distortion
Missiles
 e - 8 poisoned needles
 f - 9 curare-tipped needles (quivered)
Armour
 c - a +0 robe (worn)
 o - a +0 cloak of invisibility (worn)
Wands
 m - a wand of paralysis (19)
Scrolls
 p - a scroll of fog {unknown}
Potions
 d - a potion of ambrosia {unknown}
 h - 4 potions of curing
 i - a potion of heal wounds
 j - a potion of haste
 k - 2 potions of magic
 l - a potion of agility {unknown}
Books
 q - a book of Cantrips

   Spells                             Type                      Level
   a - Confusing Touch                Hexes                        1
   b - Animate Skeleton               Necromancy                   1
   c - Summon Small Mammal            Summoning                    1
   d - Apportation                    Translocation                1
 r - a book of Minor Magic

   Spells                             Type                      Level
   a - Magic Dart                     Conjuration                  1
   b - Blink                          Translocation                2
   c - Call Imp                       Summoning                    2
   d - Slow                           Hexes                        2
   e - Conjure Flame                  Conjuration/Fire             3
   f - Mephitic Cloud                 Conjuration/Poison/Air       3
Comestibles
 g - 3 rations


   Skills:
 - Level 1.5 Fighting
 - Level 10.1 Short Blades
 - Level 2.0 Throwing
 + Level 5.4 Dodging
 O Level 27 Stealth
 * Level 15.7 Spellcasting
 + Level 3.5 Hexes
 + Level 13.0 Evocations


You had 37 spell levels left.
You knew the following spells:

 Your Spells              Type           Power        Failure   Level  Hunger
a - Confusing Touch       Hex            ###...       1%          1    None
b - Blink                 Tloc           N/A          9%          2    None
c - Magic Dart            Conj           ##..         6%          1    None


Dungeon Overview and Level Annotations

Branches:
Dungeon (1/1)

Altars:
Cheibriados
Dithmenos
Elyvilon
Fedhas
Gozag
Hepliaklqana
Kikubaaqudgha
Makhleb
Nemelex Xobeh
Okawaru
Qazlal
Ru
Sif Muna
Trog
Uskayaw
Vehumet
Wu Jian
Xom
Yredelemnul
Zin
The Shining One
Jiyva
Lugonu

Shops:
D :%[

Annotations:
D exclusion: oklob plant, Lernaean hydra


Innate Abilities, Weirdness & Mutations

You are very small and have problems with some larger weapons.
You are too small for most types of armour.
You have supernaturally acute eyesight. (SInv)
You are a herbivore.
You cover ground extremely quickly.
You need consume almost no food.
You are clumsy. (Dex -2)


Message History

Your unstable footing causes you to fumble your attack.
The 27-headed Lernaean hydra roars deafeningly!
You hear a shout!
The 27-headed Lernaean hydra bites you. x2
The 27-headed Lernaean hydra bites you!
You emit a cloud of dark smoke.
The 27-headed Lernaean hydra completely misses you.
The 27-headed Lernaean hydra bites you but does no damage.
The 27-headed Lernaean hydra completely misses you.
The 27-headed Lernaean hydra closely misses you.
The 27-headed Lernaean hydra bites you!
You emit a cloud of dark smoke.
The 27-headed Lernaean hydra misses you.
The 27-headed Lernaean hydra bites you but does no damage.
The 27-headed Lernaean hydra closely misses you.
The 27-headed Lernaean hydra barely misses you. x2
The 27-headed Lernaean hydra bites you. x3
The 27-headed Lernaean hydra bites you!
* * * LOW HITPOINT WARNING * * *
The 27-headed Lernaean hydra closely misses you.
The 27-headed Lernaean hydra bites you!
You die...

#M≈).# ###††# +.†#
##+## #≈≈≈##
#≈≈≈≈##
#≈≈≈≈≈#######
####≈≈≈≈#§§§≈≈#.§.
#..#'≈≈≈§§@D§§§.§§
#...##≈≈#§§§§§#§≈≈
#....######§###
#....# ≈≈≈ ######
≈≈≈≈≈ ≈≈≈≈≈≈
$$$$≈≈ ######


You could see the 27-headed Lernaean hydra.

Vanquished Creatures
  A hydra (D)
  2 centaur warriors (D)
  Sonja (D)
  A deep troll (D)
  A lindwurm (D)
  An oklob plant (D)
  2 merfolk sirens (D)
  A gargoyle (D)
  2 kobold demonologists (D)
  4 demonic crawlers (D)
  5 hornets (D)
  A slime creature (D)
  2 redbacks (D)
  Sigmund (D)
  A yak (D)
  13 hogs (D)
  2 floating eyes (D)
  An ogre (D)
  A jelly (D)
  Ijyb (D)
  3 ballistomycetes (D)
  A ballistomycete spore (D)
48 creatures vanquished.

Vanquished Creatures (others)
  A gargoyle (D)
  A ballistomycete spore (D)
2 creatures vanquished.

Grand Total: 50 creatures vanquished

Notes
Turn   | Place    | Note
-------+----------+-------------------------------------------
     0 | D        | raistware the Spriggan Assassin began the quest for the Orb.
     0 | D        | Reached XP level 1. HP: 10/10 MP: 2/2
     2 | D        | Noticed Ijyb
    23 | D        | Killed Ijyb
    23 | D        | Reached skill level 10 in Stealth
    23 | D        | Reached XP level 2. HP: 6/14 MP: 3/3
   251 | D        | Noticed an ogre
   253 | D        | Killed an ogre
   253 | D        | Reached skill level 13 in Stealth
   253 | D        | Reached XP level 3. HP: 18/18 MP: 4/4
   253 | D        | Reached XP level 4. HP: 22/22 MP: 5/5
   266 | D        | Noticed Sigmund
   268 | D        | Killed Sigmund
   268 | D        | Reached skill level 16 in Stealth
   268 | D        | Reached XP level 5. HP: 25/25 MP: 6/6
   282 | D        | Found a deep blue altar of Sif Muna.
   283 | D        | Found an ornate altar of the Wu Jian Council.
   284 | D        | Found a radiant altar of Vehumet.
   288 | D        | Reached skill level 17 in Stealth
   288 | D        | Reached XP level 6. HP: 30/30 MP: 7/7
   303 | D        | Found Odiapt's Food Emporium.
   303 | D        | Found an ancient bone altar of Kikubaaqudgha.
   303 | D        | Found a hazy altar of Hepliaklqana.
   303 | D        | Found a hide-covered altar of Uskayaw.
   303 | D        | Found a basalt altar of Yredelemnul.
   303 | D        | Found an opulent altar of Gozag.
   303 | D        | Found a snail-covered altar of Cheibriados.
   303 | D        | Found a sacrificial altar of Ru.
   303 | D        | Found a shadowy altar of Dithmenos.
   303 | D        | Noticed a yak
   304 | D        | Found a stormy altar of Qazlal.
   304 | D        | Found a blossoming altar of Fedhas.
   304 | D        | Found a bloodstained altar of Trog.
   304 | D        | Found an iron altar of Okawaru.
   304 | D        | Found a glowing golden altar of the Shining One.
   304 | D        | Found a glowing silver altar of Zin.
   304 | D        | Found a white marble altar of Elyvilon.
   305 | D        | Killed a yak
   305 | D        | Reached skill level 18 in Stealth
   306 | D        | Found a sparkling altar of Nemelex Xobeh.
   312 | D        | Became a worshipper of Dithmenos the Shadowed
   320 | D        | Noticed Sonja
   324 | D        | Killed Sonja
   324 | D        | Reached skill level 10 in Short Blades
   324 | D        | Reached skill level 21 in Stealth
   324 | D        | Reached XP level 7. HP: 33/33 MP: 8/8
   324 | D        | Reached XP level 8. HP: 37/37 MP: 9/9
   342 | D        | Found Hemy's Book Boutique.
   362 | D        | Noticed a deep troll
   366 | D        | Killed a deep troll
   366 | D        | Reached skill level 22 in Stealth
   372 | D        | Found Poxaargh's Armour Emporium.
   376 | D        | Bought a +0 cloak of invisibility for 115 gold pieces
   416 | D        | Found a viscous altar of Jiyva.
   416 | D        | Found a corrupted altar of Lugonu.
   416 | D        | Noticed a slime creature
   417 | D        | Found a burning altar of Makhleb.
   417 | D        | Found a shimmering altar of Xom.
   419 | D        | Killed a slime creature
   419 | D        | Reached * piety under Dithmenos
   419 | D        | Reached skill level 23 in Stealth
   419 | D        | Reached skill level 5 in Spellcasting
   440 | D        | Bought a book of Cantrips for 240 gold pieces
   442 | D        | Learned a level 1 spell: Confusing Touch
   459 | D        | Noticed a centaur warrior
   459 | D        | Noticed a centaur warrior
   463 | D        | Killed a centaur warrior
   463 | D        | Reached skill level 24 in Stealth
   463 | D        | Reached XP level 9. HP: 41/41 MP: 17/20
   464 | D        | Killed a centaur warrior
   464 | D        | Reached ** piety under Dithmenos
   464 | D        | Reached skill level 25 in Stealth
   485 | D        | Noticed an oklob plant
   975 | D        | Killed an oklob plant
  1067 | D        | Killed a gargoyle
  1130 | D        | Bought a book of Minor Magic for 240 gold pieces
  1133 | D        | Learned a level 2 spell: Blink
  1146 | D        | Learned a level 1 spell: Magic Dart
  1253 | D        | Reached skill level 26 in Stealth
  1256 | D        | Reached XP level 10. HP: 46/46 MP: 22/24
  1375 | D        | Reached *** piety under Dithmenos
  1379 | D        | Reached skill level 27 in Stealth
  1379 | D        | Reached skill level 10 in Spellcasting
  1501 | D        | Reached **** piety under Dithmenos
  1507 | D        | Noticed a gargoyle
  1511 | D        | Killed a gargoyle
  1511 | D        | Reached ***** piety under Dithmenos
  1543 | D        | Bought a ration for 55 gold pieces
  1543 | D        | Bought a ration for 55 gold pieces
  1543 | D        | Bought a ration for 55 gold pieces
  1673 | D        | Noticed a lindwurm
  1676 | D        | Killed a lindwurm
  1705 | D        | Reached skill level 5 in Evocations
  1715 | D        | Reached ****** piety under Dithmenos
  1715 | D        | Reached skill level 5 in Dodging
  1718 | D        | Reached XP level 11. HP: 49/49 MP: 28/30
  1764 | D        | Gained mutation: You are clumsy. (Dex -2) [mutagenic glow]
  1952 | D        | Noticed a 12-headed hydra
  1954 | D        | Killed a 12-headed hydra
  1954 | D        | Reached skill level 15 in Spellcasting
  1954 | D        | Reached skill level 10 in Evocations
  2164 | D        | Noticed a deep elf annihilator
  2168 | D        | Noticed a mummy priest
  2171 | D        | Noticed an oklob plant
  2193 | D        | Noticed the 27-headed Lernaean hydra
  2481 | D        | Slain by the 27-headed Lernaean hydra

Skill      XL: |  1  2  3  4  5  6  7  8  9 10 11 |
---------------+----------------------------------+-----
Short Blades   | 3 4 6 10 | 10.1
Stealth        | 10 13 16 17 21 24 26 27 | 27.0
Dodging        | 2 3 5 |  5.4
Spellcasting   | 7 9 14 15 | 15.7
Hexes          | 3 |  3.5
Evocations     | 9 13 | 13.0
Fighting       | |  1.5
Throwing       | |  2.0

Action                   |  1- 3 |  4- 6 |  7- 9 | 10-12 || total
-------------------------+-------+-------+-------+-------++-------
Melee: Dagger            |    17 |     4 |    54 |    31 ||   106
 Fire: Blowgun           |     2 |       |       |       ||     2
 Cast: Magic Dart        |       |       |     1 |       ||     1
 Abil: Evoke Invisibilit |       |       |     3 |     9 ||    12
  Use: Potion            |     1 |       |       |       ||     1
       Scroll            |       |       |     1 |       ||     1
 Stab: Sleeping          |     1 |     4 |     7 |    30 ||    42
       Invisible         |       |       |     3 |       ||     3
  Eat: Ration            |       |       |       |     2 ||     2
Armor: Robe              |       |       |       |     2 ||     2
Dodge: Dodged            |     9 |       |       |     9 ||    18
